SR
CAPITAL HILL INTERNS @ BALLARD BEAVERS
08/30/2037
 
TOP OF THE 1ST
Capital Hill Interns batting - Pitching for Ballard Beavers : LHP Kiyotaka Matsunaga
Pitching: LHP Kiyotaka Matsunaga
Batting: RHB Klaus van Loon 0-0: Swinging Strike
0-1: Ball
1-1: Ball
2-1: Ground out 6-3 (Groundball, 6, EV 85.0 MPH)
Batting: LHB Jaako Haavisto 0-0: Ball
1-0: Ground out 4-3 (Groundball, 4, EV 78.8 MPH)
Batting: RHB Jai-guo Ruan 0-0: Foul Ball, location: 2F
0-1: Swinging Strike
0-2: Strikes out swinging
Top of the 1st over - 0 runs, 0 hits, 0 errors, 0 left on base; Capital Hill 0 - Ballard 0
BOTTOM OF THE 1ST
Ballard Beavers batting - Pitching for Capital Hill Interns : LHP César Hernández
Pitching: LHP César Hernández
Batting: RHB Bang Aang 0-0: Called Strike
0-1: Ball
1-1: TRIPLE (Groundball, 3L, EV 100.6 MPH)
Batting: SHB Doug Watson 0-0: Called Strike
0-1: Ball
1-1: Ball
2-1: Foul Ball, location: 2F
2-2: Strikes out looking
Batting: RHB Brandon Wilson 0-0: Fly out, F9 (Flyball, 9LM, EV 80.6 MPH)
Runner from 3rd tags up, SCORES, throw by RF
Now in RF: Germán Pérez
Batting: RHB A.T. Tappman 0-0: Ball
1-0: Ball
2-0: Ball
3-0: Base on Balls
Batting: RHB Tuputahi Cani 0-0: Ball
1-0: Called Strike
1-1: Swinging Strike
1-2: Foul Ball, location: 2F
1-2: Ball
2-2: Ball
3-2: Strikes out swinging
Bottom of the 1st over - 1 run, 1 hit, 0 errors, 1 left on base; Capital Hill 0 - Ballard 1
TOP OF THE 2ND
Capital Hill Interns batting - Pitching for Ballard Beavers : LHP Kiyotaka Matsunaga
Batting: LHB Buddy Patton 0-0: Called Strike
0-1: Swinging Strike
0-2: Foul Ball, location: 2F
0-2: Fly out, F7 (Flyball, 78S, EV 90.6 MPH)
Batting: LHB Hori Ikenaki 0-0: Fly out, F2 (Popup, 25F, EV 84.4 MPH)
Batting: RHB Jeroen Penning 0-0: Ball
1-0: Ball
2-0: Ground out 1-3 (Groundball, 13, EV 70.6 MPH)
Top of the 2nd over - 0 runs, 0 hits, 0 errors, 0 left on base; Capital Hill 0 - Ballard 1
BOTTOM OF THE 2ND
Ballard Beavers batting - Pitching for Capital Hill Interns : LHP César Hernández
Batting: RHB Toshinobu Inoue 0-0: Called Strike
0-1: Fly out, F8 (Flyball, 8RD, EV 79.4 MPH)
Batting: RHB José Sánchez 0-0: Called Strike
0-1: Ball
1-1: Called Strike
1-2: Foul Ball, location: 2F
1-2: Ball
2-2: Ball
3-2: Foul Ball, location: 2F
3-2: Fly out, F7 (Flyball, 7S, EV 86.2 MPH)
Batting: RHB Kelly Johnson 0-0: Ball
1-0: Swinging Strike
1-1: Ball
2-1: Swinging Strike
2-2: Foul Ball, location: 2F
2-2: Strikes out swinging
Bottom of the 2nd over - 0 runs, 0 hits, 0 errors, 0 left on base; Capital Hill 0 - Ballard 1
TOP OF THE 3RD
Capital Hill Interns batting - Pitching for Ballard Beavers : LHP Kiyotaka Matsunaga
Batting: LHB Pie-qi Gao 0-0: Foul Ball, location: 2F
0-1: Called Strike
0-2: Foul Ball, location: 2F
0-2: Ball
1-2: Foul Ball, location: 2F
1-2: Foul Ball, location: 2F
1-2: Strikes out swinging
Batting: SHB Yaichiro Agano 0-0: Ground out 6-3 (Groundball, 6, EV 90.6 MPH)
Batting: SHB Toshiyuki Gato 0-0: Ball
1-0: Foul Ball, location: 2F
1-1: Foul Ball, location: 2F
1-2: Foul Ball, location: 2F
1-2: Strikes out looking
Top of the 3rd over - 0 runs, 0 hits, 0 errors, 0 left on base; Capital Hill 0 - Ballard 1
BOTTOM OF THE 3RD
Ballard Beavers batting - Pitching for Capital Hill Interns : LHP César Hernández
Batting: LHB Stanley Bell 0-0: Called Strike
0-1: Foul Ball, location: 2F
0-2: Ball
1-2: Ball
2-2: Fly out, F7 (Line Drive, 7D, EV 85.6 MPH)
Batting: RHB Bang Aang 0-0: SINGLE (Groundball, 4M, EV 104.4 MPH) (infield hit)
Batting: SHB Doug Watson 0-0: Called Strike
0-1: Ball
1-1: Ball
2-1: Ball
3-1: Base on Balls
Bang Aang to second
Batting: RHB Brandon Wilson 0-0: Ball
1-0: Fielders Choice at 2nd, 1-6 (Groundball, 34S, EV 68.1 MPH)
Bang Aang to third
Batting: RHB A.T. Tappman 0-0: Ground out 1-3 (Groundball, 13, EV 67.5 MPH)
Bottom of the 3rd over - 0 runs, 1 hit, 0 errors, 2 left on base; Capital Hill 0 - Ballard 1
TOP OF THE 4TH
Capital Hill Interns batting - Pitching for Ballard Beavers : LHP Kiyotaka Matsunaga
Batting: RHB Germán Pérez 0-0: Swinging Strike
0-1: Ground out 6-3 (Groundball, 6, EV 83.1 MPH)
Batting: LHB Jaako Haavisto 0-0: Foul Ball, location: 2F
0-1: Ball
1-1: Called Strike
1-2: Ball
2-2: Ball
3-2: Fly out, F8 (Flyball, 8RD, EV 93.8 MPH)
Batting: RHB Jai-guo Ruan 0-0: Called Strike
0-1: Swinging Strike
0-2: Foul Ball, location: 2F
0-2: Ball
1-2: DOUBLE (Line Drive, 89D, EV 104.4 MPH)
Batting: LHB Buddy Patton 0-0: Ball
1-0: Foul Ball, location: 2F
1-1: Called Strike
1-2: Ball
2-2: Ball
3-2: Strikes out swinging
Top of the 4th over - 0 runs, 1 hit, 0 errors, 1 left on base; Capital Hill 0 - Ballard 1
BOTTOM OF THE 4TH
Ballard Beavers batting - Pitching for Capital Hill Interns : LHP César Hernández
Batting: RHB Tuputahi Cani 0-0: Ball
1-0: Foul Ball, location: 2F
1-1: Ground out 5-3 (Groundball, 56, EV 100.6 MPH)
Batting: RHB Toshinobu Inoue 0-0: Swinging Strike
0-1: Swinging Strike
0-2: Ball
1-2: Strikes out swinging
Batting: RHB José Sánchez 0-0: Ball
1-0: Foul Ball, location: 2F
1-1: Ball
2-1: Foul Ball, location: 2F
2-2: Foul Ball, location: 2F
2-2: Strikes out swinging
Bottom of the 4th over - 0 runs, 0 hits, 0 errors, 0 left on base; Capital Hill 0 - Ballard 1
TOP OF THE 5TH
Capital Hill Interns batting - Pitching for Ballard Beavers : LHP Kiyotaka Matsunaga
Batting: LHB Hori Ikenaki 0-0: Ball
1-0: Swinging Strike
1-1: Ball
2-1: DOUBLE (Groundball, 3L, EV 103.8 MPH)
Batting: RHB Jeroen Penning 0-0: Ball
1-0: Swinging Strike
1-1: Ball
2-1: DOUBLE (Groundball, 5L, EV 110.0 MPH)
Hori Ikenaki scores
Batting: LHB Pie-qi Gao 0-0: Ball
1-0: Ball
2-0: Reached on error, E1 (Groundball, 15, EV 43.8 MPH)
Jeroen Penning scores
Batting: SHB Yaichiro Agano 0-0: Swinging Strike
0-1: Foul Ball, location: 2F
0-2: Ball
1-2: Strikes out swinging
Batting: SHB Toshiyuki Gato 0-0: Swinging Strike
0-1: Swinging Strike
0-2: Strikes out looking
Batting: RHB Germán Pérez 0-0: Called Strike
0-1: Called Strike
0-2: Ball
Passed Ball!
Pie-qi Gao to third
1-2: Fly out, F9 (Flyball, 9, EV 93.1 MPH)
Top of the 5th over - 2 runs, 2 hits, 1 error, 1 left on base; Capital Hill 2 - Ballard 1
BOTTOM OF THE 5TH
Ballard Beavers batting - Pitching for Capital Hill Interns : LHP César Hernández
Batting: RHB Kelly Johnson 0-0: Ball
1-0: Called Strike
1-1: SINGLE (Flyball, 7LS, EV 91.9 MPH)
Batting: LHB Stanley Bell 0-0: Bunted foul
0-1: Bunted foul
0-2: Ball
1-2: Ball
2-2: Ball
3-2: Fly out, F9 (Flyball, 9LS, EV 87.5 MPH)
Batting: RHB Bang Aang Balk!
Kelly Johnson to second
0-0: Swinging Strike
0-1: Foul Ball, location: 2F
0-2: Foul Ball, location: 2F
0-2: DOUBLE (Line Drive, 89M, EV 105.0 MPH)
Kelly Johnson scores
Batting: SHB Doug Watson 0-0: Called Strike
Balk!
Bang Aang to third
0-1: Ball
1-1: Called Strike
1-2: Foul Ball, location: 2F
1-2: Ball
2-2: Ball
3-2: Fly out, F6 (Flyball, 6MD, EV 78.8 MPH)
Batting: RHB Brandon Wilson 0-0: Ball
1-0: Called Strike
1-1: Single, Error in OF, E9, batter to second base (Line Drive, 34D, EV 94.4 MPH)
Bang Aang scores
Batting: RHB A.T. Tappman 0-0: Ball
1-0: Ball
2-0: Foul Ball, location: 2F
2-1: Foul Ball, location: 2F
2-2: Strikes out swinging
Bottom of the 5th over - 2 runs, 3 hits, 1 error, 1 left on base; Capital Hill 2 - Ballard 3
TOP OF THE 6TH
Capital Hill Interns batting - Pitching for Ballard Beavers : LHP Kiyotaka Matsunaga
Batting: LHB Jaako Haavisto 0-0: Foul Ball, location: 2F
0-1: Called Strike
0-2: Ball
1-2: Fly out, F7 (Flyball, 7S, EV 83.1 MPH)
Batting: RHB Jai-guo Ruan 0-0: Ball
1-0: Ball
2-0: Foul Ball, location: 2F
2-1: SINGLE (Line Drive, 4D, EV 95.6 MPH)
Batting: LHB Buddy Patton 0-0: Called Strike
0-1: Foul Ball, location: 2F
0-2: Ball
1-2: Fly out, F9 (Flyball, 9S, EV 86.9 MPH)
Batting: LHB Hori Ikenaki 0-0: Ball
1-0: Fly out, F4 (Popup, 3DF, EV 61.9 MPH)
Top of the 6th over - 0 runs, 1 hit, 0 errors, 1 left on base; Capital Hill 2 - Ballard 3
BOTTOM OF THE 6TH
Ballard Beavers batting - Pitching for Capital Hill Interns : LHP César Hernández
Batting: RHB Tuputahi Cani 0-0: Ball
1-0: Ground out 6-3 (Groundball, 6M, EV 103.8 MPH)
Batting: RHB Toshinobu Inoue 0-0: Foul Ball, location: 2F
0-1: Foul Ball, location: 2F
0-2: Ball
1-2: Strikes out looking
Batting: RHB José Sánchez 0-0: Ground out 5-3 (Groundball, 56, EV 77.5 MPH)
Bottom of the 6th over - 0 runs, 0 hits, 0 errors, 0 left on base; Capital Hill 2 - Ballard 3
TOP OF THE 7TH
Capital Hill Interns batting - Pitching for Ballard Beavers : LHP Kiyotaka Matsunaga
Batting: RHB Jeroen Penning 0-0: Ball
1-0: Ball
2-0: Called Strike
2-1: Ball
3-1: Base on Balls
Batting: LHB Pie-qi Gao 0-0: Bunted foul
0-1: Bunted foul
0-2: Foul Ball, location: 2F
0-2: Strikes out looking
Batting: SHB Yaichiro Agano 0-0: Called Strike
0-1: Ball
1-1: Foul Ball, location: 2F
1-2: Ball
2-2: Fly out, F7 (Flyball, 7D, EV 106.9 MPH)
Runner from 1st tags up, OUT at 2nd! 7-4
Top of the 7th over - 0 runs, 0 hits, 0 errors, 0 left on base; Capital Hill 2 - Ballard 3
BOTTOM OF THE 7TH
Ballard Beavers batting - Pitching for Capital Hill Interns : LHP César Hernández
Batting: RHB Kelly Johnson 0-0: Called Strike
0-1: Ball
1-1: Called Strike
1-2: Ball
2-2: Ground out 6-3 (Groundball, 6, EV 98.8 MPH)
Batting: LHB Stanley Bell 0-0: Called Strike
0-1: Ball
1-1: Called Strike
1-2: Ball
2-2: Ball
3-2: Strikes out swinging
Batting: RHB Bang Aang 0-0: Ball
1-0: Foul Ball, location: 2F
1-1: Swinging Strike
1-2: Fly out, F7 (Line Drive, 7, EV 98.1 MPH)
Bottom of the 7th over - 0 runs, 0 hits, 0 errors, 0 left on base; Capital Hill 2 - Ballard 3
TOP OF THE 8TH
Capital Hill Interns batting - Pitching for Ballard Beavers : LHP Kiyotaka Matsunaga
Batting: SHB Toshiyuki Gato 0-0: Called Strike
0-1: SINGLE (Groundball, 6MD, EV 107.5 MPH)
Pitching: LHP John Duimelaar
Batting: RHB Germán Pérez 0-0: Bunted foul
0-1: Sac Bunt to 3S - play at first, batter OUT! 3-1
Toshiyuki Gato to second
Batting: LHB Jaako Haavisto 0-0: Called Strike
0-1: Foul Ball, location: 2F
0-2: Ball
1-2: Foul Ball, location: 2F
1-2: Foul Ball, location: 2F
1-2: Strikes out swinging
Pitching: RHP Jesús Jiménez
Batting: RHB Jai-guo Ruan 0-0: Called Strike
0-1: Ball
1-1: Fly out, F4 (Popup, 23, EV 85.6 MPH)
Top of the 8th over - 0 runs, 1 hit, 0 errors, 1 left on base; Capital Hill 2 - Ballard 3
BOTTOM OF THE 8TH
Ballard Beavers batting - Pitching for Capital Hill Interns : LHP César Hernández
Pitching: RHP Juan Alemán
Batting: SHB Doug Watson 0-0: Called Strike
0-1: Ball
1-1: Ball
2-1: Ground out 5-3 (Groundball, 56, EV 87.5 MPH)
Batting: RHB Brandon Wilson 0-0: Foul Ball, location: 2F
0-1: Called Strike
0-2: Ground out 5-3 (Groundball, 56S, EV 82.5 MPH)
Batting: RHB A.T. Tappman 0-0: Ball
1-0: SINGLE (Line Drive, 9S, EV 105.0 MPH)
Batting: RHB Tuputahi Cani 0-0: Ball
1-0: Ball
2-0: Called Strike
2-1: Foul Ball, location: 2F
2-2: Ball
3-2: SINGLE (Groundball, 5D, EV 100.0 MPH)
A.T. Tappman to second
A.T. Tappman to third
Batting: RHB Toshinobu Inoue 0-0: Called Strike
0-1: Foul Ball, location: 2F
0-2: Ball
1-2: Ball
2-2: Ball
3-2: Foul Ball, location: 2F
3-2: Strikes out looking
Bottom of the 8th over - 0 runs, 2 hits, 0 errors, 2 left on base; Capital Hill 2 - Ballard 3
TOP OF THE 9TH
Capital Hill Interns batting - Pitching for Ballard Beavers : RHP Jesús Jiménez
Now at 3B: Carlos Rasgado
Batting: LHB Buddy Patton 0-0: Foul Ball, location: 2F
0-1: Ball
1-1: DOUBLE (Flyball, 8LXD, EV 93.1 MPH)
Batting: LHB Hori Ikenaki 0-0: Ball
1-0: Ball
2-0: Called Strike
2-1: Swinging Strike
2-2: Ball
3-2: Base on Balls
Batting: RHB Jeroen Penning 0-0: Foul Ball, location: 2F
0-1: Ball
1-1: Foul Ball, location: 2F
1-2: Fly out, F6 (Popup, P, EV 78.1 MPH)
Batting: LHB Pie-qi Gao 0-0: Foul Ball, location: 2F
0-1: Fly out, F4 (Line Drive, 3, EV 68.1 MPH)
Pinch Hitting: LHB Moises Casabuena 0-0: Fly out, F8 (Flyball, 8LD, EV 84.4 MPH)
Top of the 9th over - 0 runs, 1 hit, 0 errors, 2 left on base; Capital Hill 2 - Ballard 3
Thursday, January 23rd, 2020 - OOTP Baseball 20.8 Build 74